 Dungeon Sprint DCSS version 0.19.5 (webtiles) character file.

109 Groucho the Covert (level 4, -5/21 HPs)
             Began as a Spriggan Enchanter on Apr 24, 2017.
             Was a Believer of Dithmenos.
             Slain by a gnoll
             ... wielding a +0 spear
              (11 damage)
             ... in the Dungeon (Sprint VII: "The Pits").
             The game lasted 00:01:17 (563 turns).

Groucho the Covert (Spriggan Enchanter)              Turns: 563, Time: 00:01:17

Health: -5/21      AC:  3    Str:  5    XL:     4   Next: 60%
Magic:  9/13       EV: 18    Int: 16    God:    Dithmenos [**....]
Gold:   0          SH:  0    Dex: 16    Spells: 2 memorised, 12 levels left

rFire  . . .     SeeInvis +     a - +2 dagger
rCold  . . .     Gourm    .     b - +1 robe
rNeg   . . .     Faith    .     (shield restricted)
rPois  .         Spirit   .     (helmet restricted)
rElec  .         Reflect  .     (no cloak)
rCorr  .         Harm     .     (gloves unavailable)
MR     .....     NoTele   +     (boots unavailable)
Stlth  ++++++....               (no amulet)
                                (no ring)
                                (no ring)

@: wreathed by umbra, very quick
A: unfitting armour, see invisible, herbivore 3, speed 3, slow metabolism 2
a: Shadow Step, Renounce Religion


You were in the Dungeon.
You worshipped Dithmenos.
Dithmenos was pleased with you.
You were not hungry.

You visited 1 branch

Inventory:

Hand Weapons
 a - a +2 dagger (weapon)
Missiles
 p - 10 stones (quivered)
Armour
 b - a +1 robe (worn)
Scrolls
 j - a scroll of blinking
 l - 3 scrolls of remove curse
 m - 5 scrolls of amnesia
 n - a scroll of summoning
Potions
 e - a potion of curing
 f - a potion of heal wounds
 g - a potion of haste
 h - 4 potions of magic
 i - 2 potions of berserk rage
 k - 2 potions of invisibility
Books
 c - a book of Maledictions

   Spells                             Type                      Level
   a - Corona                         Hexes                        1
   b - Ensorcelled Hibernation        Hexes/Ice                    2
   c - Confuse                        Hexes                        3
   d - Tukima's Dance                 Hexes                        3
   e - Dazzling Spray                 Conjuration/Hexes            3
Comestibles
 d - 8 bread rations
 o - 40 fruits


   Skills:
 - Level 1.1 Short Blades
 - Level 3.0 Dodging
 * Level 11.0 Stealth
 + Level 6.0 Spellcasting
 + Level 6.5 Hexes


You had 12 spell levels left.
You knew the following spells:

 Your Spells              Type           Power        Failure   Level  Hunger
a - Corona                Hex            ####...      1%          1    None
b - Ensorcelled Hibernat  Hex/Ice        ###...       8%          2    #......


Dungeon Overview and Level Annotations

Branches:
Dungeon (1/1)

Altars:
Ashenzari
Cheibriados
Dithmenos
Elyvilon
Fedhas
Gozag
Hepliaklqana
Kikubaaqudgha
Makhleb
Nemelex Xobeh
Okawaru
Qazlal
Ru
Sif Muna
Trog
Uskayaw
Vehumet
Xom
Yredelemnul
Zin
The Shining One
Beogh
Jiyva
Lugonu


Innate Abilities, Weirdness & Mutations

You are very small and have problems with some larger weapons.
You are too small for most types of armour.
You have supernaturally acute eyesight. (SInv)
You are a herbivore.
You cover ground extremely quickly.
You need consume almost no food.


Message History

There is an open door to the Storerooms (Easy) here.
The orc misses you.
The gnoll sergeant hits you with a trident.
Cast which spell? (? or * to list)
Aiming: Ensorcelled Hibernation
Press: ? - help, Shift-Dir - straight line, f - gnoll sergeant
Aim: a gnoll sergeant, wielding a trident, wearing a ring mail and wearing a shield (umbra, chance to defeat MR: 43%)
The gnoll sergeant looks drowsy...
The gnoll barely misses you. The orc closely misses you.
The helpless gnoll sergeant fails to defend itself.
You impale the gnoll sergeant!!
You kill the gnoll sergeant!
Dithmenos accepts your kill.
Your Stealth skill gained 2 levels and is now at level 11!
Your Spellcasting skill gained 2 levels and is now at level 6!
Your Hexes skill increases to level 6!
You have reached level 4!
The gnoll hits you from afar with a spear!
Ouch! That really hurt!
You die...

############
#__________#
#__________#
#____#####'###########++
######)))#.##...........
#)?|.'.))'.##......#..#
##########.##@.........
#......gggsg)o..........
+#####'#####......#..#.
#.....# #...........
#.....# ####'#####+
###'### #.......#
#.....# #.......#
#...s.# #.......#
####'## #...<...#


You could see 4 gnolls, an orc and a giant cockroach.

Vanquished Creatures
  A gnoll sergeant (D)
  A worker ant (D)
  A gnoll (D)
  An ufetubus (D)
  An ooze (D)
  2 jackals (D)
  A bat (D)
  A frilled lizard (D)
9 creatures vanquished.

Notes
Turn   | Place    | Note
-------+----------+-------------------------------------------
     0 | D        | Groucho the Spriggan Enchanter began the quest for the Orb.
     0 | D        | Reached XP level 1. HP: 9/9 MP: 5/5
     8 | D        | Noticed a worker ant
    13 | D        | Killed a worker ant
    13 | D        | Reached skill level 7 in Stealth
    13 | D        | Reached XP level 2. HP: 10/13 MP: 6/8
   436 | D        | Learned a level 2 spell: Ensorcelled Hibernation
   477 | D        | Found a radiant altar of Vehumet.
   477 | D        | Found a hide-covered altar of Uskayaw.
   477 | D        | Found an ancient bone altar of Kikubaaqudgha.
   477 | D        | Found a viscous altar of Jiyva.
   477 | D        | Found a hazy altar of Hepliaklqana.
   478 | D        | Found a bloodstained altar of Trog.
   478 | D        | Found a deep blue altar of Sif Muna.
   478 | D        | Found a sacrificial altar of Ru.
   478 | D        | Found a stormy altar of Qazlal.
   478 | D        | Found an iron altar of Okawaru.
   478 | D        | Found a sparkling altar of Nemelex Xobeh.
   478 | D        | Found an opulent altar of Gozag.
   478 | D        | Found a blossoming altar of Fedhas.
   478 | D        | Found a white marble altar of Elyvilon.
   478 | D        | Found a shadowy altar of Dithmenos.
   478 | D        | Found a snail-covered altar of Cheibriados.
   479 | D        | Found a glowing golden altar of the Shining One.
   479 | D        | Found a glowing silver altar of Zin.
   481 | D        | Found a roughly hewn altar of Beogh.
   481 | D        | Found a burning altar of Makhleb.
   481 | D        | Found a basalt altar of Yredelemnul.
   482 | D        | Found a shattered altar of Ashenzari.
   482 | D        | Found a corrupted altar of Lugonu.
   482 | D        | Found a shimmering altar of Xom.
   495 | D        | Became a worshipper of Dithmenos the Shadowed
   512 | D        | Reached skill level 8 in Stealth
   512 | D        | Reached skill level 5 in Hexes
   512 | D        | Reached XP level 3. HP: 16/16 MP: 9/9
   519 | D        | Reached * piety under Dithmenos
   525 | D        | Noticed a gnoll sergeant
   526 | D        | Reached skill level 9 in Stealth
   541 | D        | Reached ** piety under Dithmenos
   563 | D        | Killed a gnoll sergeant
   563 | D        | Reached skill level 11 in Stealth
   563 | D        | Reached XP level 4. HP: 6/21 MP: 9/13
   563 | D        | Slain by a gnoll

Skill      XL: |  1  2  3 |
---------------+----------+-----
Stealth        | 7 8 11 | 11.0
Spellcasting   | 4 6 |  6.0
Hexes          | 4 5 6 |  6.5
Short Blades   | |  1.1
Dodging        | |  3.0

Action                   |  1- 3 |  4- 6 || total
-------------------------+-------+-------++-------
Melee: Dagger            |    22 |       ||    22
 Cast: Ensorcelled Hiber |     1 |       ||     1
  Use: Potion            |     1 |       ||     1
 Stab: Sleeping          |     7 |       ||     7
Dodge: Dodged            |    19 |       ||    19
